 Dungeon Crawl Stone Soup version 0.18-a0-27-g1f73fa3 (webtiles) character file.

48 Ordine the Charmwright (level 3, -1/24 HPs)
             Began as a High Elf Skald on Nov 4, 2015.
             Slain by a goblin (3 damage)
             ... on level 2 of the Dungeon.
             The game lasted 00:08:05 (2381 turns).

Ordine the Charmwright (High Elf Skald)             Turns: 2381, Time: 00:08:06

Health: -1/24      AC:  4    Str: 11    XL:     3   Next: 50%
Magic:  13/16      EV: 16    Int: 17    God:
Gold:   75         SH:  0    Dex: 22    Spells: 2 memorised, 3 levels left

rFire  . . .     SeeInvis .     a - +0 falchion
rCold  . . .     Clarity  .     b - +1 leather armour
rNeg   . . .     SustAt   .     (no shield)
rPois  .         Gourm    .     (no helmet)
rElec  .         Spirit   .     (no cloak)
rCorr  .         Warding  .     (no gloves)
rMut   .         Stasis   .     (no boots)
MR     .....                    (no amulet)
Stlth  +++.......               h - ring of magical power
                                f - +3 ring of dexterity

@: agile, lethally poisoned (-1 -> -8), infused, singing, drained, not resistant
to hostile enchantments, fairly stealthy
A: no striking features
a: Stop Singing


You were on level 2 of the Dungeon.
You were not hungry.

You visited 1 branch of the dungeon, and saw 2 of its levels.

You collected 75 gold pieces.

Inventory:

Hand Weapons
 a - a +0 falchion (weapon)
Armour
 b - a +1 leather armour (worn)
Jewellery
 f - a +3 ring of dexterity (left hand)
 h - a ring of magical power (right hand)
Potions
 e - 2 potions of agility
 j - a potion of cure mutation {unknown}
 k - a potion of poison {unknown}
Books
 c - a book of Battle

   Spells                             Type                      Level
   a - Infusion                       Charms                       1
   b - Shroud of Golubria             Charms/Translocation         2
   c - Song of Slaying                Charms                       2
   d - Spectral Weapon                Hexes/Charms                 3
   e - Regeneration                   Charms/Necromancy            3
Comestibles
 d - a bread ration
 i - a meat ration
 l - 4 fruits


   Skills:
 - Level 2.0(1.8) Fighting
 + Level 3.7(3.5) Long Blades
 - Level 0.8(0.6) Armour
 - Level 1.1(0.9) Dodging
 - Level 2.4(2.2) Spellcasting
 + Level 4.6(4.4) Charms


You had 3 spell levels left.
You knew the following spells:

 Your Spells              Type           Power        Failure   Level  Hunger
a - Infusion              Chrm           ###...       4%          1    #......
b - Song of Slaying       Chrm           ###.....     8%          2    ###....


Dungeon Overview and Level Annotations

Branches:
Dungeon (2/15)

Altars:


Message History

* * * LOW HITPOINT WARNING * * *
You are poisoned.
The adder poisons you!
Unknown command.
You miss the adder.
The adder is moderately wounded.
* * * LOW HITPOINT WARNING * * *
You feel sick. The adder bites you but does no damage.
The goblin closely misses you.
Unknown command.
You miss the adder.
The adder is moderately wounded.
The adder barely misses you. The goblin misses you.
You barely miss the adder.
The adder is moderately wounded.
You feel sick. The adder bites you.
* * * LOW HITPOINT WARNING * * *
You are more poisoned.
The adder poisons you! The goblin hits you.
You die...

#..##........)....#
#..##.#####.#####.#
##### ##### #.# ##...##
##...## #..
##.....###.....## ###
#...(...#...(...#
#.......#.......#
#.......#.......#
#..@..###.....## ##gS.##
##...##
#######)#######'####
...................#####
........................
...................##...
.##.#
#######'#######)#####.##
....# #... ##...## #.##
....# #....
##.....###...


You could see an adder and a goblin.

Vanquished Creatures
  An ooze (D:2)
  A worm (D:2)
  4 giant geckos
  6 bats
  A giant cockroach (D:1)
  2 goblins
  5 hobgoblins
  2 quokkas (D:2)
  2 jackals (D:1)
  7 kobolds
  6 rats
37 creatures vanquished.

Notes
Turn   | Place    | Note
--------------------------------------------------------------
     0 | D:1      | Ordine the High Elf Skald began the quest for the Orb.
     0 | D:1      | Reached XP level 1. HP: 14/14 MP: 4/4
   282 | D:1      | Reached skill level 4 in Charms
   310 | D:1      | You fall through a shaft!
   314 | D:2      | Reached XP level 2. HP: 17/19 MP: 6/6
  1565 | D:2      | Learned a level 2 spell: Song of Slaying
  1608 | D:2      | Reached XP level 3. HP: 24/24 MP: 7/7
  2381 | D:2      | Slain by a goblin

Vault maps used:
D:1:      saegor_arrival_simple_e
D:2:      kennysheep_six_static_rooms, st_stairs_5, uniq_crazy_yiuf_cottage

Action                   || total
-------------------------++-------
Melee: Falchion          ||   131
 Cast: Infusion          ||     5
       Song of Slaying   ||     1
  Use: Scroll            ||     6
       Potion            ||     2
  Eat: Chunk             ||     5
